 Dungeon Crawl Stone Soup version 0.21-a0-88-g13b9641 (webtiles) character file.

6 4thArraOfDagon the Grasshopper (level 2, -2/23 HPs)
             Began as a Formicid Warper on June 26, 2017.
             Slain by a hippogriff (3 damage)
             ... on level 14 of the Dungeon.
             The game lasted 00:01:02 (360 turns).

4thArraOfDagon the Grasshopper (Formicid Warper)     Turns: 360, Time: 00:01:03

Health: -2/23      AC:  3    Str: 15    XL:     2   Next: 0%
Magic:  5/5        EV: 11    Int: 12    God:
Gold:   26         SH:  0    Dex: 10    Spells: 5/5 levels left

rFire    . . .     SeeInvis +   a - +0 falchion
rCold    . . .     Gourm    .   (no shield)
rNeg     . . .     Faith    .   b - +0 leather armour
rPois    .         Spirit   .   (helmet unavailable)
rElec    .         Reflect  .   (no cloak)
rCorr    .         Harm     .   (no gloves)
MR       .....                  (no boots)
Stlth    +.........             (no amulet)
HPRegen  0.07/turn              (no ring)
MPRegen  0.09/turn              (no ring)

@: no status effects
A: permanent stasis, dig shafts and tunnels, four strong arms, antennae 3
a: Dig, Shaft Self


You were on level 14 of the Dungeon.
You were hungry.

You visited 1 branch of the dungeon, and saw 8 of its levels.

You collected 26 gold pieces.

Inventory:

Hand Weapons
 a - a +0 falchion (weapon)
 g - a +0 dagger of speed
Missiles
 e - 5 tomahawks of dispersal (quivered)
Armour
 b - a +0 leather armour (worn)
Scrolls
 d - a scroll of blinking
 h - a scroll of enchant weapon {unknown}
 i - a scroll of silence {unknown}
Books
 c - a book of Spatial Translocations

   Spells                             Type                      Level
   a - Blink                          Translocation                2
   b - Shroud of Golubria             Charms/Translocation         2
   c - Lesser Beckoning               Translocation                3
   d - Gell's Gravitas                Translocation                3
   e - Teleport Other                 Translocation                3
   f - Passage of Golubria            Translocation                4
Comestibles
 f - a bread ration


   Skills:
 + Level 2.3 Fighting
 * Level 2.2 Long Blades
 - Level 1.0 Throwing
 - Level 1.1 Armour
 - Level 1.8 Dodging
 - Level 2.3 Spellcasting
   Level 2.6 Translocations


You had 5 spell levels left.
You didn't know any spells.

Dungeon Overview and Level Annotations

Branches:
Dungeon (9/15)
 Temple: D:4-7         Lair: D:8-11         Orc: D:9-12

Altars:

Annotations:
D:7 graymark's ghost, novice DsMo


Innate Abilities, Weirdness & Mutations

You cannot be hasted, slowed, berserked, paralysed or teleported.
You can dig through walls and to a lower floor.
Your four strong arms can wield two-handed weapons with a shield.
You have a pair of large antennae on your head. (SInv)


Message History

Found 10 gold pieces and a scroll labeled HENEUBL OSKA.
Are you sure you want to shaft yourself?
You are feeling hungry.
You begin to dig a shaft.
You continue digging a shaft.
A shaft appears beneath you!
You fall through a shaft for 3 floors!
The shaft crumbles and collapses.
You feel a wave of frost pass over you.
There is an entrance to an ice cave on this level.
Hurry and find it before the portal melts!
A hippogriff comes into view.
The hippogriff screeches!
Are you sure you want to shaft yourself?
You feel somewhat more hungry.
You begin to dig a shaft.
You continue digging a shaft.
The hippogriff bites you.
* * * LOW HITPOINT WARNING * * *
The hippogriff pecks you.
* * * LOW HITPOINT WARNING * * *
The hippogriff claws you.
You die...

###############
...............
...............
.......@H......
...............
..............#
.............#.
............#..
...........#...
............#..
###..........#.


You could see a hippogriff.

Vanquished Creatures
  A giant cockroach (D:1)
  A goblin (D:1)
  A hobgoblin (D:1)
  A kobold (D:1)
  2 rats (D:1)
6 creatures vanquished.

Notes
Turn   | Place    | Note
-------+----------+-------------------------------------------
     0 | D:1      | 4thArraOfDagon the Formicid Warper began the quest for the Orb.
     0 | D:1      | Reached XP level 1. HP: 16/16 MP: 3/3
   258 | D:1      | Reached XP level 2. HP: 22/23 MP: 5/5
   295 | D:1      | You fall through a shaft!
   312 | D:2      | You fall through a shaft!
   321 | D:3      | You fall through a shaft!
   329 | D:4      | You fall through a shaft for 3 floors!
   329 | D:7      | Noticed graymark's ghost (novice DsMo)
   346 | D:7      | You fall through a shaft for 2 floors!
   346 | D:9      | Noticed an ogre
   346 | D:9      | Noticed a bullfrog
   346 | D:9      | Noticed a phantom
   346 | D:9      | Noticed an ogre
   354 | D:9      | Noticed a centaur
   355 | D:9      | You fall through a shaft for 2 floors!
   355 | D:11     | Noticed a cyan ugly thing
   358 | D:11     | You fall through a shaft for 3 floors!
   358 | D:14     | Noticed a hippogriff
   360 | D:14     | HP: 1/23 [hippogriff (5)]
   360 | D:14     | Slain by a hippogriff

Vault maps used:
D:1:      minmay_arrival_shoal_huts, amethyst_killhole
D:3:      minmay_checkerbox
D:4:      doesnt_xom_only_xom, minmay_goblin_kobold_house
D:7:      hangedman_minor_gate_pass
D:9:      zombieorc2_lemuel
D:11:     grunt_ogre_cave
D:14:     nicolae_ru_awakened_eye, portal_ice_cave_entry_imps

Action                   || total
-------------------------++-------
Melee: Falchion          ||    19
 Abil: Shaft Self        ||     7
Armor: Leather armour    ||    10
Dodge: Dodged            ||    10
       Rpst.: Falchion   ||     3
